 Dungeon Crawl Stone Soup version 0.30-a0-341-g682706514a (webtiles) character file.

Game seed: 15373527291479087688

28 pyrow613 the Poker (level 3, 35/35 HPs)
             Began as a Gnoll Cinder Acolyte on Nov 4, 2022.
             Was a High Priest of Ignis.
             Got out of the dungeon alive.
             The game lasted 00:03:07 (358 turns).

pyrow613 the Poker (Gnoll Cinder Acolyte)            Turns: 358, Time: 00:03:07

Health: 35/35      AC:  6    Str: 15    XL:     3   Next: 14%
Magic:  7/7        EV: 11    Int: 13    God:    Ignis [*****.]
Gold:   78         SH:  0    Dex:  7    Spells: 7/7 levels left

rFire   + . .      SeeInvis .    a - -1 spear (flame)
rCold   . . .      Faith    .    (no shield)
rNeg    . . .      Spirit   .    b - +0 robe
rPois   .          Reflect  .    (no helmet)
rElec   .          Harm     .    f - scarf {repulsion}
rCorr   .          Rampage  .    (no gloves)
Will    .....                    (no boots)
Stlth   +.........               (no amulet)
HPRegen 0.25/turn                e - +4 ring of protection
MPRegen 0.10/turn                (no ring)

@: repel missiles
A: fangs 1, strong nose, distributed training
a: Renounce Religion, Fiery Armour, Foxfire Swarm, Rising Flame


You escaped.
You worshipped Ignis.
Ignis was extremely pleased with you.
You visited 1 branch of the dungeon, and saw 1 of its levels.

You collected 78 gold pieces.

Inventory:

Hand Weapons
 a - a -1 spear of flaming (weapon)
Armour
 b - a +0 robe (worn)
 f - a scarf of repulsion (worn)
Jewellery
 e - a +4 ring of protection (left hand)
Scrolls
 d - a scroll of amnesia {unknown}
 i - a scroll of teleportation {unknown}
 k - a scroll of identify {unknown}
Potions
 c - a potion of ambrosia {unknown}
 g - a potion of magic {unknown}
 h - 2 potions of curing {unknown}
 j - a potion of attraction {unknown}
 l - a potion of lignification {unknown}


   Skills:
 + Level 6.5 Fighting
 + Level 0.7 Short Blades
 + Level 0.7 Long Blades
 + Level 0.7 Axes
 + Level 0.7 Maces & Flails
 + Level 6.5 Polearms
 + Level 0.7 Staves
 + Level 0.7 Ranged Weapons
 + Level 0.7 Throwing
 + Level 0.7 Armour
 + Level 0.7 Dodging
 + Level 0.7 Stealth
 + Level 0.7 Shields
 + Level 0.7 Unarmed Combat
 + Level 2.8 Spellcasting
 + Level 0.5 Conjurations
 + Level 0.5 Hexes
 + Level 0.5 Summonings
 + Level 0.5 Necromancy
 + Level 0.5 Translocations
 + Level 0.5 Transmutations
 + Level 5.4 Fire Magic
 + Level 0.5 Ice Magic
 + Level 0.5 Air Magic
 + Level 0.5 Earth Magic
 + Level 0.5 Poison Magic
 + Level 0.9 Invocations
 + Level 0.7 Evocations


You had 7 spell levels left.
You didn't know any spells.
Your spell library contained the following spells:

 Spells                   Type           Power      Damage    Failure   Level
 Scorch                   Fire           30%        2d6       3%          2
 Sublimation of Blood     Necr           3%         N/A       28%         2
 Wereblood                Tmut           3%         N/A       28%         2
 Summon Hydra             Summ           1%         N/A       100%        7


Dungeon Overview and Level Annotations

Branches:
Dungeon (1/15)

Altars:

Shops:
D:1 :


Innate Abilities, Weirdness & Mutations

You have very sharp teeth.
Your uncanny sense of smell can sniff out nearby items.
Your experience applies equally to all skills.


Message History

A bat is nearby!
You reach to attack!
You barely miss the bat.
The bat is severely wounded.
The bat hits you but does no damage.
You hit the bat. You burn the bat.
You kill the bat!
No target in view!
You see here a bat corpse.
You now have 62 gold pieces (gained 17).
A dart slug comes into view.
Found a book of Blood.
You reach to attack!
You hit the dart slug but do no damage.
You reach to attack!
You hit the dart slug but do no damage. The dart slug launches a dart at you.
The slug dart misses you.
You reach to attack!
You hit the dart slug. You burn the dart slug.
The dart slug is moderately wounded.
You reach to attack!
You puncture the dart slug! You burn the dart slug.
You kill the dart slug!
No target in view!
No target in view!
No target in view!
No target in view!
No target in view!
No target in view!
No target in view!
No target in view!
No target in view!
No target in view!
You now have 78 gold pieces (gained 16).
You pick up a book of Blood and begin reading...
You add the spells Sublimation of Blood, Wereblood and Summon Hydra to your library.
Okay, then.
Okay, then.
Okay, then.
Okay, then.
There is an open door here.
There is a staircase leading out of the dungeon here.
Are you sure you want to leave the Dungeon?
This will make you lose the game!
You have escaped!

####### ......# #############
..[...# ##...........##
......####..##+###+##..# .
###........##≈.≈≈≈.≈##.#########.
###########≈≈§≈.≈≈##..))....... #
###§≈...≈§##.#######.## ##
#...§.@.≈....# #..# .######
##.#≈§...≈§#### ###.# ......#
##..#≈≈.≈§≈≈# #...# ......#
#...#≈.≈≈≈.≈# #####.### #####.#
#...##'###+######.....#
....#.###...##..........##†##....
###.#..........#............#.##.
#...#...#..)##...######........#
#.##.............................


There were no monsters in sight!

Vanquished Creatures
  3 dart slugs (D:1)
  4 ball pythons (D:1)
  An endoplasm (D:1)
  3 goblins (D:1)
  2 hobgoblins (D:1)
  A kobold (D:1)
  3 bats (D:1)
  A frilled lizard (D:1)
  3 rats (D:1)
21 creatures vanquished.

Notes
Turn   | Place    | Note
-------+----------+-------------------------------------------
     0 | D:1      | pyrow613 the Gnoll Cinder Acolyte began the quest for the
                  | Orb.
     0 | D:1      | Reached XP level 1. HP: 23/23 MP: 4/4
    33 | D:1      | Found Yjuolann's Book Shop.
   115 | D:1      | Reached XP level 2. HP: 29/29 MP: 5/5
   307 | D:1      | Reached XP level 3. HP: 33/35 MP: 7/7
   358 | D:$      | Got out of the dungeon alive.

Illustrated notes

Levels and vault maps discovered:
D:1:      ncdulo_lavacross, layout_basic, serial_shops, shop,
          minmay_split_cup_small

Action                   || total
-------------------------++-------
Melee: Spear             ||    76
       Bite              ||     2
       Punch             ||     1
Armor: Robe              ||    15
Dodge: Dodged            ||    41

Table legend: (Time is in decaauts)
 A = Elapsed time spent in this place.
 B = Non-inter-level travel time spent in this place.
 C = Inter-level travel time spent in this place.
 D = Time resting spent in this place.
 E = Time spent auto-exploring this place.
 F = Levels seen in this place.
 G = Mean time per level.
                   A        B        C        D        E       F      G
               +--------+--------+--------+--------+--------+-----+--------+
         Total |    340 |    324 |     16 |      0 |    203 |   1 |  340.0 |
       Dungeon |    340 |    324 |     16 |      0 |    203 |   1 |  340.0 |
               +--------+--------+--------+--------+--------+-----+--------+

Top non-repeatable levels by time:
     D:1: 340 daAuts
